 Dungeon Crawl Stone Soup version 0.28-a0-1506-g3893175d92 (webtiles) character file.

Game seed: 16180085066554756702

11005 knot the Thrower (level 11, -6/75 HPs)
             Began as a Demonspawn Berserker on Jan 14, 2022.
             Was a Priest of Trog.
             Mangled by a hell hog (13 damage)
             ... in a volcano.
             The game lasted 00:21:31 (12667 turns).

knot the Thrower (Demonspawn Berserker)            Turns: 12667, Time: 00:21:40

Health: -6/75      AC: 21    Str: 27    XL:     11   Next: 43%
Magic:  11/11      EV:  8    Int: 12    God:    Trog [***...]
Gold:   256        SH:  3    Dex: 12    Spells: 10/10 levels left

rFire   . . .      SeeInvis .   I - +0 war axe (venom)
rCold   . . .      Faith    .   o - +0 buckler
rNeg    . . .      Spirit   .   A - +2 chain mail of the Ant {rElec Regen+ Str+3}
rPois   +          Reflect  .   (helmet restricted)
rElec   +          Harm     .   (no cloak)
rCorr   .          Rampage  .   H - +0 pair of gloves {Str+3}
Will    .....                   j - +0 pair of boots
Stlth   ..........              w - amulet of regeneration
HPRegen 1.82/turn               G - ring "Moto" {rPois Str+2}
MPRegen 0.12/turn               y - ring of flight

@: sanguine armoured, attractive, flying, studying Throwing
A: antennae 1, powered by death 2, sanguine armour 2
a: Renounce Religion, Berserk, Trog's Hand


You were in a volcano.
You worshipped Trog.
Trog was most pleased with you.
You visited 2 branches of the dungeon, and saw 12 of its levels.
You also visited: Volcano.

You collected 780 gold pieces.
You spent 524 gold pieces at shops.

Inventory:

Hand Weapons
 a - a +0 hand axe of freezing
 D - a +2 hand axe of flaming
 I - a +0 war axe of venom (weapon)
Missiles
 g - 308 stones
 m - 136 sling bullets
 v - 30 poisoned darts (quivered)
 L - a boomerang
Armour
 j - a +0 pair of boots (worn)
 o - a +0 buckler (worn)
 A - the +2 chain mail of the Ant (worn) {rElec Regen+ Str+3}
   (You bought it in a shop on level 5 of the Dungeon)

   Str:       It affects your strength (+3).
   rElec:     It insulates you from electricity.
   Regen:     It increases your rate of health regeneration.
 H - a +0 pair of gloves of strength (worn)
 J - +0 steam dragon scales
Jewellery
 w - an amulet of regeneration (around neck)
 y - a ring of flight (right hand)
 G - the ring "Moto" (left hand) {rPois Str+2}
   (You found it on level 8 of the Dungeon)

   [ring of poison resistance]

   Str:       It affects your strength (+2).
   rPois:     It protects you from poison.
Wands
 n - a wand of paralysis (5)
 x - a wand of flame (25)
 z - a wand of charming (12)
 B - a wand of acid (9)
Scrolls
 e - a scroll of blinking
 h - a scroll of amnesia
 k - 2 scrolls of teleportation
 p - a scroll of enchant armour
 q - a scroll of noise
 s - 2 scrolls of fear
 K - a scroll of magic mapping
Potions
 b - a potion of invisibility {unknown}
 c - a potion of magic
 d - a potion of cancellation {unknown}
 f - a potion of might
 i - 2 potions of resistance {unknown}
 r - a potion of heal wounds {unknown}
 t - a potion of attraction
 u - 2 potions of brilliance {unknown}
 C - 3 potions of curing
 E - 2 potions of haste {unknown}
Miscellaneous
 l - a condenser vane


   Skills:
 - Level 3.0 Fighting
 * Level 12.3 Axes
 * Level 13.0 Throwing
 - Level 1.7 Armour
 - Level 1.7 Dodging


You had 10 spell levels left.
You didn't know any spells.
Your spell library contained the following spells:

 Spells                   Type           Power      Damage    Failure   Level
 Apportation              Tloc           0%         N/A       96%         1
 Magic Dart               Conj           0%         1d3       96%         1
 Call Imp                 Summ           0%         N/A       99%         2
 Searing Ray              Conj           0%         2d4       99%         2
 Frozen Ramparts          Ice            0%         1d2       100%        3
 Tukima's Dance           Hex            0%         N/A       100%        3
 Anguish                  Hex/Necr       0%         N/A       100%        4
 Animate Dead             Necr           0%         N/A       100%        4
 Fulminant Prism          Conj/Hex       0%         3d6       100%        4
 Ice Form                 Ice/Tmut       0%         N/A       100%        4
 Summon Ice Beast         Ice/Summ       0%         N/A       100%        4
 Alistair's Intoxication  Tmut/Pois      0%         N/A       100%        5
 Conjure Ball Lightning   Conj/Air       0%         3x3d6     100%        6
 Enfeeble                 Hex            0%         N/A       100%        7
 Haunt                    Necr/Summ      0%         N/A       100%        7
 Malign Gateway           Summ/Tloc      0%         N/A       100%        7
 Discord                  Hex            0%         N/A       100%        8
 Disjunction              Tloc           0%         N/A       100%        8
 Infestation              Necr           0%         N/A       100%        8


Dungeon Overview and Level Annotations

Branches:
Dungeon (11/15)            Temple (0/1) D:6            Lair (1/6) D:9
    Orc (0/2) D:9         Volcano (1/1)

Altars:
Ru

Shops:
D:5 [   D:6 *   D:9 *


Innate Abilities, Weirdness & Mutations

You have a pair of small antennae on your head.
You regenerate health from kills.
When seriously injured, your blood forms thick armour. (AC +9)


Message History

There is an open door here.
Found a rocky tunnel leading out of this place.
There is an open door here.
The air gets thick with the scent of sulphur.
You reach down and open the door. 2 centaurs, a hell hog, a hell hound and a salamander come into view.
A centaur is wielding a +2 shortbow of flaming.
A centaur is wielding a +1 shortbow of flaming.
The centaur shouts!
The hell hog squeals angrily.
The hell hound barks!
The hell hog breathes fire at you.
The fireball explodes!
The fireball engulfs you!!!
Your blood congeals into armour.
A salamander comes into view. It is wielding a +3 spear.
The salamander moves out of view.
Found a leather armour of fire resistance.
You fail to use your ability.
You block the hell hog's attack.
Unknown command.
You fail to use your ability.
In the distance, the volcano erupts with a roar.
You are engulfed in a cloud of scalding steam.
The hell hog bites you but does no damage. x2
Unknown command.
Your black bear goes berserk!
You can no longer call in reinforcements.
You are engulfed in a cloud of scalding steam.
The hell hound breathes flames at you.
The blast of flame misses the hell hog.
The blast of flame hits you! The hell hog breathes fire at you.
The fireball explodes!
The fireball engulfs you!
The fireball engulfs the hell hog.
The hell hog completely resists.
It was a potion of magic.
Magic courses through your body.
You are engulfed in a cloud of scalding steam.
The hell hog bites you.
It was a potion of attraction.
You feel attractive to monsters. The hell hog breathes fire at you.
The fireball explodes!
The fireball engulfs you!!
* * * LOW HITPOINT WARNING * * *
The fireball engulfs the hell hog.
The hell hog completely resists.
The fireball engulfs your black bear!! The hell hog bites you!
You die...

§§≈§§§≈§≈^# ##§§§§§≈..#
##.≈≈≈≈≈≈≈ ≈≈≈≈≈°°≈°°°#
..≈≈≈≈≈≈≈ ##≈#§≈≈°.°.°
....≈≈≈≈≈ ≈≈≈≈≈≈≈°§..###
..≈≈≈≈≈≈≈
#≈≈§≈≈≈.≈.##..##.≈≈≈≈≈≈≈
#≈#≈≈≈≈≈§.#...c#.≈≈≈≈≈≈≈
##≈#§§≈≈≈.#[.chhh..≈≈≈≈≈
#≈#≈§§≈≈..# {#@§§≈≈≈≈≈
#≈≈≈§≈≈≈..## ##.§≈≈§≈≈≈
#≈≈≈≈§≈≈§§.####..≈§§§≈≈≈
#≈§#§≈≈§..§.......≈≈≈≈≈≈
#§#§≈§≈≈≈.§......≈≈≈≈≈≈≈
§#≈≈≈≈≈≈≈#.######≈≈≈≈≈≈≈
#≈≈≈≈§§≈≈##'..## ≈≈≈≈≈≈≈
##§#≈≈≈§§≈####.# ≈≈≈≈≈≈≈
#≈≈§≈≈≈§§≈§#∩.## ≈≈≈≈≈≈≈


You could see a hell hog (catching breath, ally target), a hell hound, 2
centaurs and a friendly black bear (summoned, berserk).

Vanquished Creatures
  Harold (D:9)
  A boulder beetle (D:11)
  2 cane toads (Lair:1)
  A troll (D:10)
  Grinder (D:5)
  4 wraiths
  14 yaks (D:9)
  3 steam dragons
  4 wyverns
  An acid dragon (D:9)
  A black bear (D:7)
  8 water moccasins
  4 orc warriors
  4 wolves (Lair:1)
  3 centaurs
  A kobold brigand (D:7)
  2 gnoll sergeants (D:10)
  A wyvern zombie (D:6)
  3 scorpions
  3 bullfrogs
  A water moccasin zombie (D:6)
  A water moccasin skeleton (D:7)
  3 killer bees (D:9)
  4 electric eels
  5 howler monkeys (D:9)
  7 centaur zombies
  A bullfrog zombie (D:5)
  5 hounds
  2 gnoll shamans
  2 orc priests
  6 iguanas
  2 orc wizards
  A killer bee zombie (D:8)
  A hound zombie (D:5)
  20 gnolls
  A howler monkey skeleton (D:4)
  7 adders
  2 shadow imps
  An ufetubus (D:5)
  6 dart slugs
  3 worms
  17 orcs
  6 endoplasms
  3 giant cockroaches
  18 goblins
  11 hobgoblins
  3 jackals (D:2)
  3 quokkas (D:1)
  9 ball pythons
  2 bats
  3 frilled lizards
  9 kobolds
  6 rats
233 creatures vanquished.

Vanquished Creatures (others)
  A centaur (D:9)
  3 fungi (D:9)
  75 plants
79 creatures vanquished.

Grand Total: 312 creatures vanquished

Notes
Turn   | Place    | Note
-------+----------+-------------------------------------------
     0 | D:1      | knot the Demonspawn Berserker began the quest for the Orb.
     0 | D:1      | Reached XP level 1. HP: 18/18 MP: 1/1
    18 | D:1      | Got the Collected Works on Supportive Conjuration
   278 | D:1      | Gained mutation: You have a pair of small antennae on your
                  | head. [demonic ancestry]
   278 | D:1      | Reached XP level 2. HP: 15/24 MP: 2/2
   724 | D:1      | Found a faded altar of an unknown god.
   896 | D:1      | Reached XP level 3. HP: 26/29 MP: 3/3
  1046 | D:2      | You fall into a shaft and drop 2 floors!
  1438 | D:3      | Reached skill level 1 in Throwing
  1438 | D:3      | Reached XP level 4. HP: 32/35 MP: 4/4
  2814 | D:2      | Reached ** piety under Trog
  3351 | D:3      | Reached skill level 2 in Throwing
  3351 | D:3      | Reached XP level 5. HP: 13/41 MP: 5/5
  4130 | D:4      | Reached skill level 5 in Axes
  4473 | D:4      | Reached skill level 3 in Throwing
  4473 | D:4      | Gained mutation: You regenerate a little health from kills.
                  | [demonic ancestry]
  4473 | D:4      | Reached XP level 6. HP: 47/47 MP: 6/6
  5694 | D:5      | Entered Level 5 of the Dungeon
  5694 | D:5      | Noticed Grinder
  5694 | D:5      | Found Daxir's Antique Armour Shoppe.
  5695 | D:5      | Paralysed by Grinder for 3 turns
  5714 | D:5      | Killed Grinder
  5715 | D:5      | Reached skill level 4 in Throwing
  5715 | D:5      | Reached XP level 7. HP: 52/52 MP: 7/7
  6520 | D:6      | Found a sacrificial altar of Ru.
  6565 | D:6      | Reached skill level 5 in Throwing
  6965 | D:6      | Gained mutation: When seriously injured, your blood forms
                  | armour. (AC +9) [demonic ancestry]
  6965 | D:6      | Reached XP level 8. HP: 53/58 MP: 8/8
  7020 | D:6      | Found Taudukhu's Assorted Antiques.
  7128 | D:6      | Found a staircase to the Ecumenical Temple.
  7229 | D:5      | Bought a heavily runed chain mail for 304 gold pieces
  7229 | D:5      | Identified the +2 chain mail of the Ant {rElec Regen+
                  | Str+3} (You bought it in a shop on level 5 of the Dungeon)
  7870 | D:7      | Reached skill level 6 in Throwing
  8018 | D:7      | Reached skill level 7 in Throwing
  8092 | D:7      | Gained mutation: When seriously injured, your blood forms
                  | thick armour. (AC +9) [demonic ancestry]
  8092 | D:7      | Reached XP level 9. HP: 47/63 MP: 9/9
  9337 | D:8      | Identified the ring "Moto" {rPois Str+2}
  9704 | D:9      | Found Afruod's CLEARANCE SALE!.
  9793 | D:9      | Reached skill level 8 in Throwing
 10031 | D:6      | Bought a pair of embroidered gloves for 202 gold pieces
 10551 | D:9      | Bought a +0 war axe of venom for 18 gold pieces
 10580 | D:9      | Found a staircase to the Orcish Mines.
 10638 | D:9      | Reached skill level 10 in Axes
 10638 | D:9      | Reached skill level 9 in Throwing
 10641 | D:9      | Gained mutation: You regenerate health from kills. [demonic
                  | ancestry]
 10641 | D:9      | Reached XP level 10. HP: 47/70 MP: 10/10
 10670 | D:9      | Found a staircase to the Lair.
 10677 | D:9      | Reached *** piety under Trog
 10753 | D:9      | Identified a scroll of acquirement
 10753 | D:9      | Acquired a manual of Throwing
 10842 | D:9      | Reached skill level 10 in Throwing
 10989 | D:9      | Noticed Harold
 11005 | D:9      | Killed Harold
 11023 | D:9      | Reached skill level 11 in Throwing
 11310 | D:10     | Entered Level 10 of the Dungeon
 11580 | D:10     | Reached XP level 11. HP: 52/75 MP: 11/11
 11755 | D:10     | Reached skill level 12 in Throwing
 11873 | D:10     | Reached **** piety under Trog
 12272 | D:11     | Noticed a boulder beetle
 12289 | D:11     | Killed a boulder beetle
 12459 | Lair:1   | Entered Level 1 of the Lair of Beasts
 12525 | Lair:1   | Reached skill level 13 in Throwing
 12569 | Lair:1   | Found a dark tunnel.
 12574 | Volcano  | Entered a volcano
 12662 | Volcano  | Noticed a hell hog
 12667 | Volcano  | Mangled by a hell hog

Illustrated notes

Levels and vault maps discovered:
D:1:      scummos_arrival_checkerplants, layout_rooms,
          hellmonk_ecumenical_altar_inner_sanctum
D:2:      layout_rooms
D:3:      layout_basic, minmay_close_crescents
D:4:      cheibrodos_greedy_goblins, layout_loops_ring, serial_bayou,
          serial_bayou_shore_b, serial_bayou_pond_e, serial_bayou_lagoon_b,
          serial_bayou_pond_a
D:5:      layout_cave_pools, nicolae_stop_n_shop_2, chequers_big_river,
          uniq_grinder
D:6:      layout_basic, mainiacjoe_overflow_concentric_impassable,
          minmay_temple_entry_offerings, serial_curves, eino_curves_02,
          eino_curves_01, nicolae_stop_n_shop_1
D:7:      wad_woods_pond, layout_basic
D:8:      layout_basic
D:9:      layout_loops_ring, minmay_lair_entry_grove, chequers_jeans,
          nicolae_shop_clearance, uniq_harold
D:10:     layout_roguey, serial_rivers, chequers_serial_rivers_micro_e,
          chequers_serial_rivers_small_b, chequers_serial_rivers_room_a,
          chequers_serial_rivers_room_b, chequers_serial_rivers_micro_c,
          chequers_serial_rivers_micro_c, kennysheep_minor_cross
D:11:     layout_roguey, ebering_ghost_reflecting_pool,
          kennysheep_okawaru_gauntlet, uniq_urug
Lair:1:   layout_cave_pods, enter_volcano_4
Volcano:  volcano_village

Skill      XL: |  1  2  3  4  5  6  7  8  9 10 11 |
---------------+----------------------------------+-----
Axes           | 3 4 5 6 7 8 10 11 12 | 12.3
Throwing       | 1 2 3 4 5 7 9 11 13 | 13.0
Fighting       | |  3.0
Armour         | |  1.7
Dodging        | |  1.7

Action                   |  1- 3 |  4- 6 |  7- 9 | 10-12 || total
-------------------------+-------+-------+-------+-------++-------
Melee: Hand axe          |    88 |   214 |   357 |       ||   659
       War axe           |       |       |    13 |   254 ||   267
Throw: Stone             |     3 |    13 |     2 |       ||    18
       Dart              |       |    32 |    12 |       ||    44
Invok: Berserk           |     4 |    11 |     5 |     2 ||    22
       Trog's Hand       |       |     2 |       |       ||     2
       Brothers in Arms  |       |       |       |     1 ||     1
Evoke: Wand              |       |       |       |     1 ||     1
  Use: Scroll            |       |     3 |     2 |     9 ||    14
       Potion            |       |       |       |     2 ||     2
 Stab: Distracted        |       |       |     1 |       ||     1
Armor: Animal skin       |     1 |       |       |       ||     1
       Ring mail         |    33 |    51 |       |       ||    84
       Leather armour    |       |    17 |    33 |       ||    50
       Chain mail        |       |       |   156 |   221 ||   377
Dodge: Dodged            |    51 |   104 |   157 |   136 ||   448
Block: Buckler           |       |    16 |    37 |    45 ||    98

Table legend: (Time is in decaauts)
 A = Elapsed time spent in this place.
 B = Non-inter-level travel time spent in this place.
 C = Inter-level travel time spent in this place.
 D = Time resting spent in this place.
 E = Time spent auto-exploring this place.
 F = Levels seen in this place.
 G = Mean time per level.
                   A        B        C        D        E       F      G
               +--------+--------+--------+--------+--------+-----+--------+
         Total |  12947 |  12188 |    759 |   3167 |   7170 |  13 |  995.9 |
       Dungeon |  12741 |  12063 |    678 |   3167 |   7111 |  11 | 1158.3 |
          Lair |    112 |     31 |     81 |      0 |      0 |   1 |  112.0 |
       Volcano |     92 |     92 |      0 |      0 |     59 |   1 |   92.0 |
               +--------+--------+--------+--------+--------+-----+--------+

Top non-repeatable levels by time:
     D:3: 1999 daAuts
     D:4: 1788 daAuts
     D:8: 1252 daAuts
     D:7: 1172 daAuts
     D:9: 1097 daAuts
     D:2: 1085 daAuts
     D:6: 1077 daAuts
     D:1: 1070 daAuts
     D:5: 1040 daAuts
    D:10: 994 daAuts
    D:11: 162 daAuts
  Lair:1: 112 daAuts
 Volcano: 92 daAuts
